 Dungeon Crawl Stone Soup version 0.25.0-9-g26727b657a (webtiles) character file.

Game seed: 10269431302331041802

520 HungrySpirit the Covert (level 7, -9/56 HPs)
             Began as a Gnoll Assassin on June 17, 2020.
             Was an Initiate of Gozag.
             Mangled by an ogre
             ... wielding a +0 giant club
              (29 damage)
             ... on level 4 of the Dungeon.
             The game lasted 00:05:27 (3076 turns).

HungrySpirit the Covert (Gnoll Assassin)            Turns: 3076, Time: 00:05:28

Health: -9/56      AC:  6    Str: 16    XL:     7   Next: 21%
Magic:  10/10      EV: 12    Int: 13    God:    Gozag
Gold:   371        SH:  0    Dex: 16    Spells: 10/10 levels left

rFire    . . .     SeeInvis .   a - +2 dagger
rCold    . . .     Gourm    .   (no shield)
rNeg     . . .     Faith    .   j - +0 ring mail
rPois    .         Spirit   .   (no helmet)
rElec    .         Reflect  .   c - +0 cloak
rCorr    .         Harm     .   (no gloves)
MR       .....                  (no boots)
Stlth    +++.......             (no amulet)
HPRegen  0.18/turn              (no ring)
MPRegen  0.12/turn              (no ring)

@: no status effects
A: distributed training, fangs 1, strong nose
a: Potion Petition, Call Merchant, Bribe Branch, Renounce Religion


You were on level 4 of the Dungeon.
You worshipped Gozag.
Gozag was aware of your devotion.
You were not hungry.

You visited 1 branch of the dungeon, and saw 4 of its levels.

You collected 371 gold pieces.

Inventory:

Hand Weapons
 a - a +2 dagger (weapon)
Missiles
 d - 4 poisoned darts (quivered)
 e - 2 curare-tipped darts
Armour
 c - a +0 cloak (worn)
 j - a +0 ring mail (worn)
Jewellery
 r - an uncursed ring of fire {unknown}
 t - an uncursed ring of fire {unknown}
Scrolls
 b - 3 scrolls of remove curse {unknown}
 g - a scroll of random uselessness {unknown}
 h - 2 scrolls of amnesia {unknown}
 i - a scroll of enchant armour {unknown}
 l - 4 scrolls of teleportation {unknown}
 m - 3 scrolls of blinking {unknown}
 q - a scroll of immolation {unknown}
 s - 4 scrolls of identify {unknown}
 u - a scroll of enchant weapon {unknown}
 v - a scroll of magic mapping {unknown}
Potions
 k - a potion of brilliance {unknown}
 n - 3 potions of curing {unknown}
 o - 2 potions of ambrosia {unknown}
 p - a potion of stabbing {unknown}
Comestibles
 f - 6 rations


   Skills:
 + Level 5.1 Fighting
 + Level 5.1 Short Blades
 + Level 2.3 Long Blades
 + Level 2.3 Axes
 + Level 2.3 Maces & Flails
 + Level 2.3 Polearms
 + Level 2.3 Staves
 + Level 2.3 Slings
 + Level 2.3 Bows
 + Level 2.3 Crossbows
 + Level 5.1 Throwing
 + Level 2.3 Armour
 + Level 3.5 Dodging
 + Level 8.1 Stealth
 + Level 2.3 Shields
 + Level 2.3 Unarmed Combat
 + Level 2.3 Spellcasting
 + Level 1.8 Conjurations
 + Level 1.8 Hexes
 + Level 1.8 Charms
 + Level 1.8 Summonings
 + Level 1.8 Necromancy
 + Level 1.8 Translocations
 + Level 1.8 Transmutations
 + Level 1.8 Fire Magic
 + Level 1.8 Ice Magic
 + Level 1.8 Air Magic
 + Level 1.8 Earth Magic
 + Level 1.8 Poison Magic
 + Level 2.5 Invocations
 + Level 2.3 Evocations


You had 10 spell levels left.
You didn't know any spells.
Your spell library was empty.

Dungeon Overview and Level Annotations

Branches:
Dungeon (4/15)
 Temple: D:4-7

Altars:
Ashenzari
Fedhas
Gozag
Qazlal
Trog
Xom
The Shining One

Annotations:
D:4 1 runed translucent door, xccam's ghost, amateur GnWn


Innate Abilities, Weirdness & Mutations

Your experience applies equally to all skills.
You have very sharp teeth.
Your uncanny sense of smell can sniff out nearby items.


Message History

The ogre is moderately wounded.
You hit the ogre.
The ogre is severely wounded.
The ogre hits you with a +0 giant club!!
Ouch! That really hurt!
The ogre looks more healthy.
Throwing (i - inventory. (/) - cycle)
d - 6 poisoned darts (quivered)
Press: ? - help, Shift-Dir - straight line, f/p - ogre
Aim: an ogre, wielding a +0 giant club (almost dead)
You throw a poisoned dart. The poisoned dart hits the ogre.
The ogre is almost dead.
Throwing (i - inventory. (/) - cycle)
d - 5 poisoned darts (quivered)
Press: ? - help, Shift-Dir - straight line, f/p - ogre
Aim: an ogre, wielding a +0 giant club (almost dead)
You throw a poisoned dart.
The poisoned dart barely misses the ogre.
The ogre hits you with a +0 giant club!!
Ouch! That really hurt!
You die...
Your body crumbles into a pile of gold.

....#.#########.# #.# #.###.####
_......########.# #.###.###.# ##
...#.#.......##.# #.........###>
...#.#..####.##.# #.###.###.....
.###.#...# #.##.# #.###.# #.###.
(....#...# #.##.# #...#.# #.# ##
.#####...# #.##.# ###.#.# #.# #
......#..###.##.######.#.###.# #
.........(.....O@............# #
....#####.##.........)....#######
#...#####.##....######(..........
#..........#.#..######.#.##..####
#.....#................#.###.#
#...<.......^<##########.###≈##
...........(..# #.##≈≈.#
#.............# #.#≈≈.≈#
......)....##.##########.#≈#.≈###


You could see an ogre.

Vanquished Creatures
  Menkaure (D:4)
  2 scorpions (D:4)
  A howler monkey (D:3)
  A hound (D:4)
  An iguana (D:4)
  A worker ant (D:4)
  4 gnolls
  5 adders
  6 worms
  A dart slug (D:1)
  3 leopard geckos
  3 orcs
  2 giant cockroaches
  6 goblins
  12 hobgoblins
  4 jackals
  3 quokkas
  A ball python (D:2)
  5 bats
  7 frilled lizards
  A jackal skeleton (D:4)
  14 kobolds
  A leopard gecko skeleton (D:4)
  5 rats
90 creatures vanquished.

Vanquished Creatures (others)
  2 withered plants (D:4)
2 creatures vanquished.

Grand Total: 92 creatures vanquished

Notes
Turn   | Place    | Note
-------+----------+-------------------------------------------
     0 | D:1      | HungrySpirit the Gnoll Assassin began the quest for the
                  | Orb.
     0 | D:1      | Reached XP level 1. HP: 20/20 MP: 1/1
   100 | D:1      | Reached XP level 2. HP: 23/26 MP: 2/2
   481 | D:1      | Reached XP level 3. HP: 27/31 MP: 2/4
   601 | D:2      | Reached skill level 1 in Invocations
   612 | D:2      | Reached skill level 1 in Long Blades
   612 | D:2      | Reached skill level 1 in Axes
   612 | D:2      | Reached skill level 1 in Maces & Flails
   612 | D:2      | Reached skill level 1 in Polearms
   612 | D:2      | Reached skill level 1 in Staves
   612 | D:2      | Reached skill level 1 in Slings
   612 | D:2      | Reached skill level 1 in Bows
   612 | D:2      | Reached skill level 1 in Crossbows
   612 | D:2      | Reached skill level 1 in Armour
   612 | D:2      | Reached skill level 1 in Shields
   612 | D:2      | Reached skill level 1 in Unarmed Combat
   612 | D:2      | Reached skill level 1 in Spellcasting
   612 | D:2      | Reached skill level 1 in Evocations
   612 | D:2      | Reached XP level 4. HP: 32/38 MP: 5/5
   837 | D:2      | Found a faded altar of an unknown god.
   849 | D:2      | Found a shattered altar of Ashenzari.
   991 | D:2      | Became a worshipper of Gozag Ym Sagoz the Greedy
  1012 | D:2      | Reached skill level 1 in Conjurations
  1012 | D:2      | Reached skill level 1 in Hexes
  1012 | D:2      | Reached skill level 1 in Charms
  1012 | D:2      | Reached skill level 1 in Summonings
  1012 | D:2      | Reached skill level 1 in Necromancy
  1012 | D:2      | Reached skill level 1 in Translocations
  1012 | D:2      | Reached skill level 1 in Transmutations
  1012 | D:2      | Reached skill level 1 in Fire Magic
  1012 | D:2      | Reached skill level 1 in Ice Magic
  1012 | D:2      | Reached skill level 1 in Air Magic
  1012 | D:2      | Reached skill level 1 in Earth Magic
  1012 | D:2      | Reached skill level 1 in Poison Magic
  1364 | D:3      | Reached XP level 5. HP: 43/43 MP: 6/6
  1574 | D:3      | Found a shimmering altar of Xom.
  1574 | D:3      | Found a stormy altar of Qazlal.
  2123 | D:4      | Reached skill level 8 in Stealth
  2150 | D:4      | Found a bloodstained altar of Trog.
  2226 | D:4      | Noticed Menkaure
  2238 | D:4      | Killed Menkaure
  2238 | D:4      | Reached skill level 5 in Fighting
  2238 | D:4      | Reached skill level 5 in Short Blades
  2238 | D:4      | Reached skill level 5 in Throwing
  2238 | D:4      | Reached XP level 6. HP: 29/51 MP: 7/9
  2253 | D:4      | Found a glowing golden altar of the Shining One.
  2463 | D:4      | Found a blossoming altar of Fedhas.
  2473 | D:4      | Found a runed translucent door.
  2474 | D:4      | Noticed xccam's ghost (amateur GnWn)
  2573 | D:4      | Found a bloodstained altar of Trog.
  2793 | D:4      | Reached XP level 7. HP: 56/56 MP: 10/10
  3076 | D:4      | Mangled by an ogre

Illustrated notes

Levels and vault maps discovered:
D:1:      ebering_trefoil_3fold, layout_rooms
D:2:      layout_rooms, lemuel_crystal_altar, chequers_ecumenical_altar_twisty,
          uniq_crazy_yiuf_cottage
D:3:      wander_river, layout_basic, gammafunk_temple_overflow_elements,
          lemuel_coloured_pillars_altar, minmay_increasing_density
D:4:      layout_loops_ring, nicolae_tso_carved_into_rock, fedhas_altar_2,
          nicolae_overflow_crystal_walls, gammafunk_ghost_grave, kennysheep_nub,
          chequers_serial_rivers_small_b, trog_hazing_becter, uniq_menkaure

Skill      XL: |  1  2  3  4  5 |
---------------+----------------+-----
Invocations    | 1 2 |  2.5
Long Blades    | 1 2 |  2.3
Axes           | 1 2 |  2.3
Maces & Flails | 1 2 |  2.3
Polearms       | 1 2 |  2.3
Staves         | 1 2 |  2.3
Slings         | 1 2 |  2.3
Bows           | 1 2 |  2.3
Crossbows      | 1 2 |  2.3
Armour         | 1 2 |  2.3
Shields        | 1 2 |  2.3
Unarmed Combat | 1 2 |  2.3
Spellcasting   | 1 2 |  2.3
Evocations     | 1 2 |  2.3
Conjurations   | 1 |  1.8
Hexes          | 1 |  1.8
Charms         | 1 |  1.8
Summonings     | 1 |  1.8
Necromancy     | 1 |  1.8
Translocations | 1 |  1.8
Transmutations | 1 |  1.8
Fire Magic     | 1 |  1.8
Ice Magic      | 1 |  1.8
Air Magic      | 1 |  1.8
Earth Magic    | 1 |  1.8
Poison Magic   | 1 |  1.8
Dodging        | 3 |  3.5
Stealth        | 8 |  8.1
Fighting       | 5 |  5.1
Short Blades   | 5 |  5.1
Throwing       | 5 |  5.1

Action                   |  1- 3 |  4- 6 |  7- 9 || total
-------------------------+-------+-------+-------++-------
Melee: Dagger            |    45 |   256 |     2 ||   303
       Bite              |     3 |    33 |       ||    36
       Punch             |       |     3 |       ||     3
Throw: Dart              |     6 |    14 |     7 ||    27
 Stab: Sleeping          |    12 |    17 |       ||    29
       Distracted        |       |     1 |       ||     1
  Eat: Ration            |       |     2 |       ||     2
Armor: Ring mail         |     3 |    51 |       ||    54
Dodge: Dodged            |    17 |   135 |       ||   152
